 Dungeon Crawl Stone Soup version bcrawl-1.19.2-6-g6a88ae04c9 (webtiles) character file.

Game seed: 7298145380240099028

4252 Freyura the Basher (level 10, -8/86 HPs)
             Began as a Minotaur Fighter on Jan 12, 2020.
             Was a Believer of the Shining One.
             Mangled by an orc warrior
             ... wielding a +0 battleaxe
              (17 damage)
             ... on level 8 of the Dungeon.
             The game lasted 00:17:21 (7511 turns).

Freyura the Basher (Minotaur Fighter)               Turns: 7511, Time: 00:17:21

Health: -8/86      AC: 21    Str: 21    XL:     10   Next: 10%
Magic:  12/12      EV:  7    Int:  5    God:    the Shining One [**....]
Gold:   446        SH:  0    Dex: 13    Spells: 9/9 levels left

rFire    . . .     SeeInvis .   z - +0 morningstar
rCold    . . .     Gourm    .   c - +0 shield
rNeg     + . .     Faith    .   A - +0 plate armour
rPois    .         Spirit   .   (helmet restricted)
rElec    .         Reflect  .   l - +2 cloak
rCorr    .         Harm     .   (no gloves)
MR       .....                  (no boots)
Stlth    ..........             (no amulet)
HPRegen  0.24/turn              v - +5 ring of protection
MPRegen  0.13/turn              h - +1 ring of slaying

@: confused, lethally poisoned (-8 -> -8), glowing
A: retaliatory headbutt, horns 2
a: Divine Shield, Renounce Religion


You were on level 8 of the Dungeon.
You worshipped the Shining One.
The Shining One was pleased with you.
You were not hungry.

You visited 2 branches of the dungeon, and saw 9 of its levels.

You collected 446 gold pieces.

Inventory:

Hand Weapons
 z - a +0 morningstar (weapon)
Armour
 c - a +0 shield (worn)
 l - a +2 cloak (worn)
 A - a +0 plate armour (worn)
Jewellery
 b - an uncursed ring of poison resistance {unknown}
 g - a +5 ring of protection
 h - a +1 ring of slaying (right hand)
 v - a +5 ring of protection (left hand)
Wands
 t - a wand of paralysis (7)
Scrolls
 a - a scroll of teleportation
 e - 5 scrolls of remove curse
 s - 3 scrolls of identify
Potions
 d - 2 potions of might
 i - a potion of invisibility {unknown}
 j - 3 potions of brilliance
 k - a potion of ambrosia
 m - a potion of flight {unknown}
 n - a potion of mutation {unknown}
 q - a potion of heal wounds {unknown}
 r - 3 potions of haste
 u - 2 potions of degeneration {unknown}
 w - a potion of agility
 B - 2 potions of curing {unknown}
Comestibles
 f - 12 rations {!d}
 o - 3 chunks of flesh


   Skills:
 + Level 7.4 Fighting
 * Level 9.7 Maces & Flails
 + Level 7.5 Armour
 + Level 5.6 Dodging
 + Level 7.3 Shields
 + Level 4.1 Invocations
 + Level 3.6 Evocations


You had 9 spell levels left.
You didn't know any spells.
Your spell library contained the following spells:

 Spells                   Type           Power        Failure   Level  Hunger
 Beastly Appendage        Tmut           #.....       100%        1    ##.....
 Sticks to Snakes         Tmut           #.......     100%        2    ###....
 Spider Form              Tmut/Pois      #..          100%        3    ####...
 Ice Form                 Ice/Tmut       #.......     100%        4    #####..
 Blade Hands              Tmut           #.........   100%        5    ######.


Dungeon Overview and Level Annotations

Branches:
Dungeon (8/12)             Temple (1/1) D:4
   Lair: D:7-9          Orc: D:8-11

Altars:
Ashenzari
Cheibriados
Dithmenos
Elyvilon
Fedhas
Gozag
Kikubaaqudgha
Lugonu
Makhleb
Nemelex Xobeh
Okawaru
Qazlal
Ru
Sif Muna
Trog
Uskayaw
Vehumet
Wu Jian
Xom
Yredelemnul
Zin
The Shining One

Annotations:
D:7 1 transporter


Innate Abilities, Weirdness & Mutations

You reflexively headbutt those who attack you in melee.
You have a pair of horns on your head.


Message History

The orc wizard hits you but does no damage.
The orc wizard casts a spell at you. The magic dart hits you!
You hit the orc warrior.
The orc warrior is moderately wounded.
You feel sick. You block the orc warrior's attack.
You hit the orc warrior but do no damage.
The orc warrior is moderately wounded.
The orc warrior hits you with a +0 battleaxe.
* * * LOW HITPOINT WARNING * * *
You hit the orc warrior but do no damage.
Your headbutt misses the orc warrior.
The orc warrior is moderately wounded.
You block the orc warrior's attack.
It was a potion of ambrosia.
You are confused.
You feel invigorated.
You're too confused to move!
You feel sick.
The orc warrior hits you with a +0 battleaxe!
You die...

## ### ### 8
##8###8## #..
..#...#...###.#
...........##.#
............#@#
o......(.oo)#o#
..#...#...#)oo#
##8 ##8###)o# #
### #..# .#
##.##.#
.#.#####..#.#
............#
.#######....####


You could see an orc warrior, an orc wizard and 2 orcs.

Vanquished Creatures
  Pikel (D:5)
  Joseph (D:7)
  A komodo dragon (D:6)
  Prince Ribbit (D:7)
  2 hippogriffs (D:6)
  Menkaure (D:5)
  A sky beast (D:6)
  A black bear (D:8)
  3 orc warriors
  4 ice beasts
  2 ogres
  A phantom (D:5)
  A centaur (D:6)
  The ghost of yrara the Skirmisher, an amateur GrFi (D:3)
  2 bullfrogs
  A big kobold (D:8)
  Blork the orc (D:5)
  A scorpion (D:6)
  3 killer bees (D:4)
  3 wights (D:5)
  3 howler monkeys
  A crimson imp (D:7)
  A hound (D:5)
  Crazy Yiuf (D:7)
  4 orc priests
  4 orc wizards
  An iguana (D:4)
  A worker ant (D:4)
  A howler monkey zombie (D:5)
  8 gnolls
  8 adders
  3 shadow imps
  An ooze (D:2)
  An adder zombie (D:6)
  2 adder skeletons (D:4)
  3 worms (D:2)
  4 dart slugs
  6 leopard geckos
  17 orcs
  8 bats
  4 giant cockroaches
  10 hobgoblins
  16 kobolds
  3 quokkas
  2 ball pythons
  2 frilled lizards (D:1)
  8 goblins
  5 rats
160 creatures vanquished.

Vanquished Creatures (others)
  A water moccasin (D:5)
  An orc (D:5)
  2 withered plants (D:3)
4 creatures vanquished.

Grand Total: 164 creatures vanquished

Notes
Turn   | Place    | Note
-------+----------+-------------------------------------------
     0 | D:1      | Freyura the Minotaur Fighter began the quest for the Orb.
     0 | D:1      | Reached XP level 1. HP: 19/19 MP: 0/0
   120 | D:1      | Reached XP level 2. HP: 27/27 MP: 1/1
   338 | D:1      | Reached skill level 3 in Maces & Flails
   576 | D:1      | Reached skill level 1 in Dodging
   576 | D:1      | Reached XP level 3. HP: 33/33 MP: 2/2
  1340 | D:2      | Reached XP level 4. HP: 28/40 MP: 3/3
  1468 | D:2      | Reached skill level 4 in Maces & Flails
  1982 | D:3      | Reached XP level 5. HP: 37/47 MP: 4/4
  2283 | D:3      | Found a runed translucent door.
  2285 | D:3      | Noticed yrara's ghost (amateur GrFi)
  2883 | D:3      | Reached XP level 6. HP: 48/53 MP: 5/5
  3144 | D:3      | Killed yrara's ghost
  3144 | D:3      | Reached skill level 5 in Maces & Flails
  3380 | D:4      | Reached skill level 5 in Armour
  3382 | D:4      | Reached skill level 5 in Fighting
  3382 | D:4      | Reached skill level 5 in Shields
  3456 | D:4      | Found a staircase to the Ecumenical Temple.
  3464 | Temple   | Entered the Ecumenical Temple
  3503 | Temple   | Became a worshipper of the Shining One
  3688 | D:4      | Reached XP level 7. HP: 52/61 MP: 6/6
  4112 | D:5      | Entered Level 5 of the Dungeon
  4116 | D:5      | Reached skill level 6 in Maces & Flails
  4210 | D:5      | Reached skill level 1 in Invocations
  4315 | D:5      | Noticed Blork the orc
  4324 | D:5      | Killed Blork the orc
  4324 | D:5      | Reached skill level 1 in Evocations
  4383 | D:5      | Reached XP level 8. HP: 68/70 MP: 8/8
  4390 | D:5      | Noticed Menkaure
  4391 | D:5      | Noticed Pikel
  4391 | D:5      | Reached * piety under the Shining One
  4401 | D:5      | Killed Menkaure
  4401 | D:5      | Reached skill level 7 in Maces & Flails
  4403 | D:5      | Killed Pikel
  5277 | D:6      | Reached skill level 8 in Maces & Flails
  5391 | D:6      | Reached XP level 9. HP: 69/78 MP: 10/10
  5678 | D:6      | Noticed a komodo dragon
  5691 | D:6      | Killed a komodo dragon
  5691 | D:6      | Reached skill level 5 in Dodging
  6273 | D:7      | Noticed Prince Ribbit
  6274 | D:7      | Noticed Joseph
  6367 | D:7      | Reached skill level 9 in Maces & Flails
  6495 | D:7      | Found a corrupted altar of Lugonu.
  6496 | D:7      | Reached ** piety under the Shining One
  6573 | D:7      | Found a transporter.
  6875 | D:7      | Found a runed door.
  6879 | D:7      | Noticed Crazy Yiuf
  6884 | D:7      | Killed Crazy Yiuf
  6976 | D:7      | Killed Joseph
  7308 | D:7      | Killed Prince Ribbit
  7323 | D:7      | Noticed a brown ugly thing
  7326 | D:7      | Noticed an unseen horror
  7448 | D:8      | Reached XP level 10. HP: 86/86 MP: 12/12
  7508 | D:8      | HP: 4/86 [orc warrior/+0 battleaxe (5)]
  7511 | D:8      | Mangled by an orc warrior

Skill      XL: |  1  2  3  4  5  6  7  8  9 |
---------------+----------------------------+-----
Maces & Flails | 3 4 5 6 8 9 |  9.7
Dodging        | 1 2 3 4 5 |  5.6
Fighting       | 4 5 6 7 |  7.4
Shields        | 4 5 6 7 |  7.3
Armour         | 4 5 6 7 |  7.5
Invocations    | 1 2 4 |  4.1
Evocations     | 1 2 3 |  3.6

Action                   |  1- 3 |  4- 6 |  7- 9 | 10-12 || total
-------------------------+-------+-------+-------+-------++-------
Melee: Flail             |    97 |   154 |    48 |       ||   299
       Headbutt          |    15 |    23 |    25 |     8 ||    71
       Morningstar       |       |       |   140 |    25 ||   165
       Unarmed           |       |       |    42 |       ||    42
  Use: Scroll            |       |     8 |     5 |       ||    13
       Potion            |       |       |     1 |     1 ||     2
  Eat: Chunk             |     1 |     8 |     8 |     1 ||    18
       Ration            |       |       |     1 |       ||     1
Armor: Scale mail        |    43 |    67 |    57 |       ||   167
       Plate armour      |       |       |     7 |    13 ||    20
Dodge: Dodged            |    35 |    63 |    84 |     4 ||   186
Block: Shield            |    48 |    90 |   107 |    11 ||   256
